 Dungeon Crawl Stone Soup version 0.23.1 (webtiles) character file.

Game seed: 4023493852521065874

228 Borgoz the Sneak (level 6, -4/47 HPs)
             Began as a Ghoul Enchanter on Mar 14, 2019.
             Killed from afar by Sigmund (13 damage)
             ... with a puff of flame
             ... on level 3 of the Dungeon.
             The game lasted 00:06:03 (3717 turns).

Borgoz the Sneak (Ghoul Enchanter)                  Turns: 3717, Time: 00:06:03

Health: -4/47      AC:  6    Str: 12    XL:     6   Next: 2%
Magic:  5/8        EV:  9    Int: 10    God:
Gold:   99         SH:  0    Dex: 11    Spells: 6/9 levels left

rFire    . . .     SeeInvis .   a - +1 dagger
rCold    + . .     Gourm    .   (no shield)
rNeg     + + +     Faith    .   e - +0 scale mail
rPois    ∞         Spirit   .   (no helmet)
rElec    .         Reflect  .   (no cloak)
rCorr    .         Harm     .   (no gloves)
MR       .....                  (no boots)
Stlth    +.........             (no amulet)
HPRegen  0.00/turn              (no ring)
MPRegen  0.11/turn              (no ring)

@: very slightly contaminated, rotting
A: rotting body, claws 1, carnivore, cold resistance 1, negative energy
resistance 3, inhibited regeneration, torment resistance, unbreathing
a: no special abilities


You were on level 3 of the Dungeon.
You were not hungry.

You visited 1 branch of the dungeon, and saw 3 of its levels.

You collected 99 gold pieces.

Inventory:

Hand Weapons
 a - a +1 dagger (weapon)
Missiles
 i - a throwing net (quivered)
Armour
 b - a +0 robe
 e - a +0 scale mail (worn)
Scrolls
 g - a scroll of remove curse
 h - a scroll of identify
Comestibles
 d - 7 rations


   Skills:
 + Level 1.4 Fighting
 * Level 2.3 Short Blades
 * Level 2.0 Armour
 + Level 2.3 Dodging
 + Level 3.9 Stealth
 + Level 2.2 Spellcasting
 * Level 3.3 Hexes


You had 6 spell levels left.
You knew the following spells:

 Your Spells              Type           Power        Failure   Level  Hunger
a - Corona                Hex            #......      38%         1    ##.....
b - Ensorcelled Hibernat  Hex/Ice        #.....       77%         2    ###....

Your spell library contained the following spells:

 Spells                   Type           Power        Failure   Level  Hunger
 Confuse                  Hex            #.......     77%         3    ####...
 Tukima's Dance           Hex            #.......     77%         3    ####...
 Dazzling Spray           Conj/Hex       #.....       94%         3    ####...


Dungeon Overview and Level Annotations

Branches:
Dungeon (3/15)

Altars:

Annotations:
D:3 Sigmund


Innate Abilities, Weirdness & Mutations

Your body is rotting away.
You thrive on raw meat.
You are immune to poison.
You have sharp fingernails.
You are carnivorous and can eat meat at any time.
Your flesh is cold resistant. (rC+)
You are immune to negative energy. (rN+++)
You do not regenerate when monsters are visible.
You are immune to unholy pain and torment.
You can survive without breathing.


Message History

You aren't carrying any potions.
As you read the scroll labeled RIYMASHUEW, it crumbles to dust.
You feel blessed for a moment.
It was a scroll of remove curse.
The adder bites you.
* * * LOW HITPOINT WARNING * * *
You aren't carrying any potions.
As you read the scroll labeled EDIXEERROVA, it crumbles to dust.
It is a scroll of identify.
l - a scroll of blinking The adder closely misses you.
The adder bites you.
* * * LOW HITPOINT WARNING * * *
Blink to where?
Press: ? - help, Dir - move target cursor
As you read the scroll of blinking, it crumbles to dust.
Unknown command.
The hobgoblin shouts!
Sigmund shouts!
Sigmund points at you and mumbles some strange words.
The puff of flame hits you!
You die...

#..........# #.##.. #..........#
#.##.# # ###........# #.##.##.#
#...#...## #.......#
#########...# ####.#### ......#
#...# #####...# .####.# #...#
#...S...########## ...##.# #...#
#g#..÷....##......
.#.##[###.<^####@........##......
.#....)...................#......
..............@........###(......
###....................##.#......
######....#.##.....#.#.##......
#....#.####...##..##......
#....#.# #.......######..
#....#.# ###.......##..>.
#....#.# ###.##.##.##....


You could see Sigmund, an adder and a hobgoblin.

Vanquished Creatures
  An orc priest (D:3)
  Natasha (twice) (D:3)
  A worker ant (D:2)
  3 gnolls (D:1)
  An adder (D:3)
  4 worms (D:2)
  A dart slug (D:1)
  4 orcs (D:3)
  A ball python (D:1)
  9 bats
  5 giant cockroaches
  8 goblins
  8 hobgoblins
  4 jackals (D:2)
  4 frilled lizards
  8 kobolds
  6 rats
70 creatures vanquished.

Notes
Turn   | Place    | Note
-------+----------+-------------------------------------------
     0 | D:1      | Borgoz the Ghoul Enchanter began the quest for the Orb.
     0 | D:1      | Reached XP level 1. HP: 14/14 MP: 2/2
    29 | D:1      | Reached skill level 1 in Short Blades
   295 | D:1      | Reached XP level 2. HP: 20/20 MP: 3/3
   985 | D:1      | Reached XP level 3. HP: 27/27 MP: 4/4
  1084 | D:1      | Reached skill level 1 in Armour
  1225 | D:1      | Learned a level 2 spell: Ensorcelled Hibernation
  1284 | D:1      | Reached XP level 4. HP: 9/34 MP: 0/6
  1636 | D:2      | Reached skill level 1 in Fighting
  2745 | D:2      | Reached XP level 5. HP: 29/40 MP: 7/7
  3383 | D:3      | Noticed Natasha
  3401 | D:3      | Killed Natasha
  3581 | D:3      | Noticed Sigmund
  3587 | D:3      | Noticed Natasha
  3604 | D:3      | Killed Natasha
  3688 | D:3      | Reached XP level 6. HP: 25/47 MP: 2/8
  3717 | D:3      | Killed from afar by Sigmund

Skill      XL: |  1  2  3  4  5 |
---------------+----------------+-----
Short Blades   | 1 2 |  2.3
Dodging        | 2 |  2.3
Armour         | 1 2 |  2.0
Spellcasting   | 2 |  2.2
Fighting       | 1 |  1.4
Hexes          | 3 |  3.3
Stealth        | |  3.9

Action                   |  1- 3 |  4- 6 || total
-------------------------+-------+-------++-------
Melee: Dagger            |   124 |   292 ||   416
Throw: Throwing net      |       |     2 ||     2
 Cast: Corona            |     3 |       ||     3
       Ensorcelled Hiber |     1 |     1 ||     2
  Use: Potion            |     1 |     6 ||     7
       Scroll            |       |     5 ||     5
 Stab: Sleeping          |     2 |       ||     2
       Held in net/web   |       |     2 ||     2
  Eat: Chunk             |    12 |    26 ||    38
Armor: Robe              |     4 |       ||     4
       Scale mail        |    52 |   119 ||   171
Dodge: Dodged            |    66 |   134 ||   200
